 Dungeon Crawl Stone Soup version 0.28-a0-1395-g4f6bc678fa (webtiles) character file.

Game seed: 17570043401612043420

50327 ryw the Martial Artist (level 14, -9/118 HPs)
             Began as a Demonspawn Monk on Jan 4, 2022.
             Was a Priest of Ashenzari.
             Killed from afar by an orc sorcerer (18 damage)
             ... with a bolt of fire
             ... while paralysed by an orc sorcerer
             ... on level 2 of the Orcish Mines on Jan 5, 2022.
             The game lasted 00:56:37 (23711 turns).

ryw the Martial Artist (Demonspawn Monk)           Turns: 23711, Time: 00:56:37

Health: -9/118     AC: 10    Str: 18    XL:     14   Next: 19%
Magic:  25/25      EV:  2    Int: 17    God:    Ashenzari [***...]
Gold:   1120       SH:  0    Dex: 23    Spells: 23/28 levels left

rFire   + . .      SeeInvis +     - Unarmed
rCold   + . .      Faith    .   T - +2 kite shield "Shackled Loss" {-Tele Harm Rampage Dex+6, Bglg, Fort} (curse)
rNeg    . . .      Spirit   .   h - +3 leather armour {rPois}
rPois   +          Reflect  .   j - +1 helmet "Sidereal Dismay" {Fort, Cun} (curse)
rElec   .          Harm     +   H - scarf of the Fated Inaction {rC+ rF+, Melee, Self} (curse)
rCorr   .          Rampage  +   (no gloves)
Will    +....      Clarity  +   L - +0 pair of boots of Buoheat {rPois}
Stlth   +++....... NoTele   +   (no amulet)
HPRegen 0.29/turn               c - ring of Ashenzari's Burden {Str+6, Cun, Self} (curse)
MPRegen 0.19/turn               s - ring "Pangnostic Shame" {EV+4, Self, Elem} (curse)

@: paralysed, mighty, spiked
A: claws 2, large bone plates 3, ignite blood 2, powered by pain 2, agile 1,
MP-powered wands
a: Renounce Religion, Shatter the Chains


You were on level 2 of the Orcish Mines.
You worshipped Ashenzari.
Ashenzari was most pleased with you.
You visited 4 branches of the dungeon, and saw 19 of its levels.

You collected 1417 gold pieces.
You spent 297 gold pieces at shops.

Inventory:

Hand Weapons
 a - a +1 dagger of venom
 d - the +5 short sword "Ynozecashu" {antimagic, Will+}
   (You found it on level 4 of the Dungeon)

   It reduces the magical energy of the wielder, and disrupts the spells and
   magical abilities of those it strikes.
   Natural abilities and divine invocations are not affected.
   Will:      It increases your willpower.
 k - a +0 scimitar
 l - a +0 war axe
 o - a +1 vorpal mace
 u - a +0 fustibalus
 w - the +3 hand axe "Ufiki" {pain, Str+4}
   (You found it on level 10 of the Dungeon)

   In the hands of one skilled in necromantic magic, it inflicts extra damage on
   living creatures.
   Str:       It affects your strength (+4).
Missiles
 z - 20 poisoned darts (quivered)
 N - a throwing net
 P - 12 atropa-tipped darts
Armour
 h - a +3 leather armour of poison resistance (worn)
 j - the cursed +1 helmet "Sidereal Dismay" (worn) {Fort, Cun}
   (You found it on level 3 of the Dungeon)

   It has a curse which improves the following skills: Fortitude: Armour and
   Shields.
   Cunning:   Dodging and Stealth.
 y - an orb of guile
 H - the cursed scarf of the Fated Inaction (worn) {rC+ rF+, Melee, Self}
   (You found it on level 9 of the Dungeon)

   It has a curse which improves the following skills: Melee Combat: Short
   Blades, Long Blades, Axes, Maces & Flails, Polearms, Staves and Unarmed
   Combat.
   Introspection: Fighting and Spellcasting.
 L - the +0 pair of boots of Buoheat (worn) {rPois}
   (You found it on level 10 of the Dungeon)

   rPois:     It protects you from poison.
 T - the cursed +2 kite shield "Shackled Loss" (worn) {-Tele Harm Rampage Dex+6, Bglg, Fort}
   (You acquired it on level 4 of the Lair of Beasts)

   Dex:       It affects your dexterity (+6).
   -Tele:     It prevents most forms of teleportation.
   Harm:      It increases damage dealt and taken.
   Rampage:   It bestows one free step when moving towards enemies.
   It has a curse which improves the following skills: Beguiling: Conjurations,
   Hexes and Translocations.
   Fortitude: Armour and Shields.
Jewellery
 c - the cursed ring of Ashenzari's Burden (left claw) {Str+6, Cun, Self}
   (You took it off a kobold on level 2 of the Dungeon)

   [ring of strength]

   Str:       It affects your strength (+6).
   It has a curse which improves the following skills: Cunning: Dodging and
   Stealth.
   Introspection: Fighting and Spellcasting.
 s - the cursed ring "Pangnostic Shame" (right claw) {EV+4, Self, Elem}
   (You found it on level 6 of the Dungeon)

   [ring of evasion]

   EV:        It affects your evasion (+4).
   It has a curse which improves the following skills: Introspection: Fighting
   and Spellcasting.
   Elements:  Fire Magic, Ice Magic, Air Magic and Earth Magic.
 v - a ring of protection from cold
 I - a +4 ring of protection
 K - a ring of ice
 U - a ring of willpower
Wands
 C - a wand of digging (9)
 O - a wand of charming (11)
 S - a wand of acid (7)
 V - a wand of iceblast (7)
 W - a wand of flame (2)
Scrolls
 b - 2 scrolls of blinking
 m - 4 scrolls of fog
 n - 2 scrolls of fear
 t - 2 scrolls of summoning
 A - 3 scrolls of magic mapping
 E - 2 scrolls of teleportation
 F - 3 scrolls of immolation
 M - 2 scrolls of enchant weapon
 R - a scroll of silence
Potions
 e - 3 potions of brilliance
 f - 3 potions of flight
 g - 2 potions of haste
 i - a potion of magic
 p - a potion of mutation
 q - 2 potions of degeneration
 r - 3 potions of lignification
 x - 2 potions of cancellation
 B - 4 potions of resistance
 D - a potion of berserk rage
 J - 3 potions of curing
Miscellaneous
 G - a condenser vane


   Skills:
 + Level 10.1(13.3) Fighting
 - Level 5.0(6.5) Short Blades
 - Level 3.9(6.2) Armour
 * Level 11.2(13.6) Dodging
 - Level 1.7(3.4) Stealth
 * Level 6.7(9.2) Shields
 * Level 13.5(15.0) Unarmed Combat
 - Level 4.8(7.9) Spellcasting
 - Level 6.0(7.6) Hexes
 - Level 2.9(4.2) Ice Magic
 - Level 3.8(5.3) Air Magic


You had 23 spell levels left.
You knew the following spells:

 Your Spells              Type           Power      Damage    Failure   Level
a - Ensorcelled Hibernat  Hex/Ice        54%        N/A       3%          2
b - Swiftness             Air            24%        N/A       9%          3

Your spell library contained the following spells:

 Spells                   Type           Power      Damage    Failure   Level
 Freeze                   Ice            84%        1d10      4%          1
 Shock                    Conj/Air       64%        1d7       9%          1
 Poisonous Vapours        Pois/Air       30%        N/A       13%         2
 Static Discharge         Conj/Air       16%        N/A       13%         2
 Frozen Ramparts          Ice            42%        1d6       13%         3
 Animate Skeleton         Necr           12%        N/A       26%         1
 Pain                     Necr           24%        1d5       26%         1
 Sting                    Tmut/Pois      24%        1d4       26%         1
 Airstrike                Air            12%        N/A       28%         4
 Passwall                 Tmut/Erth      5%         N/A       36%         2
 Sublimation of Blood     Necr           6%         N/A       36%         2
 Gell's Gravitas          Tloc           7%         N/A       58%         3
 Lesser Beckoning         Tloc           7%         N/A       58%         3
 Stone Arrow              Conj/Erth      14%        3d7       58%         3
 Teleport Other           Tloc           7%         N/A       58%         3
 Spider Form              Tmut/Pois      6%         N/A       61%         3
 Vampiric Draining        Necr           6%         2d6       61%         3
 Hailstorm                Conj/Ice       14%        3d5       71%         4
 Animate Armour           Summ/Erth      14%        N/A       94%         4
 Petrify                  Tmut/Erth      7%         N/A       94%         4
 Sticky Flame             Conj/Fire      7%         2d3       94%         4
 Dispel Undead            Necr           6%         3d8       95%         4
 Olgreb's Toxic Radiance  Pois           6%         N/A       95%         4
 Blade Hands              Tmut           3%         N/A       100%        5
 Irradiate                Conj/Tmut      3%         3d14      100%        5
 Iron Shot                Conj/Erth      3%         9d2       100%        6
 Lehudib's Crystal Spear  Conj/Erth      3%         10d3      100%        8


Dungeon Overview and Level Annotations

Branches:
Dungeon (10/15)            Temple (1/1) D:6            Lair (6/6) D:10
 Shoals (0/4) Lair:4       Spider (0/4) Lair:4        Slime (0/5) Lair:6
    Orc (2/2) D:10            Elf (0/3) Orc:2

Altars:
Ashenzari
Cheibriados
Dithmenos
Elyvilon
Fedhas
Gozag
Hepliaklqana
Kikubaaqudgha
Makhleb
Nemelex Xobeh
Okawaru
Qazlal
Ru
Sif Muna
Trog
Uskayaw
Vehumet
Wu Jian
Xom
Yredelemnul
Zin
The Shining One
Jiyva

Shops:
Orc:1 [


Innate Abilities, Weirdness & Mutations

You have very sharp fingernails.
You are completely covered in large bone plates. (SH +8)
Your demonic aura often causes spilled blood to erupt in flames.
You sometimes gain power by taking damage.
You are agile. (Dex +2)
You expend magic power (3 MP) to strengthen your wands.


Message History

You block the red devil's attack.
You rampage towards the red devil!
You claw the red devil!
The red devil is moderately wounded.
You block the orc sorcerer's attack. You block the red devil's attack.
You closely miss the red devil.
The red devil is moderately wounded.
The orc sorcerer points at you and mumbles some strange words.
You suddenly lose the ability to move!
The red devil hits you with a +0 trident.
Barbed spikes become lodged in your body.
The orc sorcerer hits you but does no damage.
The red devil hits you with a +0 trident!
Barbed spikes become lodged in your body.
The orc priest invokes the aid of Beogh against you.
Pain shoots through your body! The orc hits you with a +0 war axe.
The orc sorcerer hits you but does no damage.
The red devil hits you with a +0 trident!
Barbed spikes become lodged in your body.
The orc priest hits you but does no damage.
The orc hits you with a +0 war axe.
The orc sorcerer hits you but does no damage.
The red devil hits you with a +0 trident!
Barbed spikes become lodged in your body.
The orc priest invokes the aid of Beogh against you.
Beogh smites you!
* * * LOW HITPOINT WARNING * * *
The orc hits you but does no damage.
The orc sorcerer hits you with a +0 dagger of freezing.
* * * LOW HITPOINT WARNING * * *
The red devil hits you with a +0 trident!
* * * LOW HITPOINT WARNING * * *
You focus on the pain.
You feel very mighty all of a sudden.
Barbed spikes become lodged in your body.
The orc priest hits you but does no damage.
The orc hits you but does no damage.
The orc sorcerer is engulfed in blazing flames.
The orc sorcerer casts a spell at you. The bolt of fire hits you! You resist.
You die...

** ,
$........###....#... ,
...............##..
#............####< ,
#..........### #.. ,
###.........## ##. , ,
*##.....(......# #. , ..
,#.............## ##> ,
....#.4o...........###..
......o@).####......#...
* ......o....#
#.......... ......))...#
#.......... *
..........## ##.#.......
.........## ###.....#.
#.......## #.....##
##....### ###.#..# ##.#.
###.## ####* ###


You could see an orc sorcerer, a red devil (summoned), an orc priest and an orc.

Vanquished Creatures
  A dire elephant (Lair:6)
  A fire dragon (Lair:6)
  Fannar (Lair:2)
  2 boulder beetles
  5 hydras
  A centaur warrior (D:10)
  3 two-headed ogres
  3 death yaks (D:10)
  A lindwurm (Lair:6)
  An oklob plant (Lair:4)
  A manticore (D:10)
  A cyclops (Orc:2)
  14 elephants
  11 black mambas
  2 torpor snails
  2 molten gargoyles (Lair:6)
  14 cane toads
  2 kobold demonologists (D:10)
  13 komodo dragons
  A rime drake (Lair:6)
  27 blink frogs
  5 polar bears (Lair:5)
  A slime creature (D:10)
  A snapping turtle (Lair:4)
  2 dream sheep (Lair:1)
  31 yaks
  7 wyverns
  6 basilisks
  Grum (D:10)
  2 redbacks (Lair:4)
  7 steam dragons
  3 wargs (D:10)
  2 swamp worms (D:8)
  3 hell hounds (Lair:6)
  An acid dragon (D:10)
  13 water moccasins
  A sky beast (D:5)
  3 orc warriors
  2 ice beasts
  14 wolves
  An ogre (D:6)
  5 centaurs
  A phantom (D:3)
  A kobold brigand (D:10)
  Blork the orc (D:5)
  10 bullfrogs
  A gnoll sergeant (D:5)
  3 scorpions
  A wyvern zombie (D:6)
  2 electric eels
  A howler monkey (D:5)
  A bullfrog zombie (D:7)
  2 centaur zombies
  5 lava snakes (Lair:6)
  2 orc priests
  2 jellies
  A bullfrog skeleton (D:7)
  2 iguanas
  5 orc wizards
  Natasha (twice) (D:4)
  A killer bee zombie (D:8)
  2 howler monkey zombies
  6 adders
  3 gnolls (D:5)
  2 howler monkey skeletons (D:7)
  3 shadow imps
  An ufetubus (D:5)
  5 worms
  11 orcs
  6 bats
  7 endoplasms
  4 giant cockroaches
  10 goblins
  7 hobgoblins
  3 jackals (D:1)
  8 kobolds
  2 quokkas (D:2)
  8 ball pythons
  5 frilled lizards
  8 rats
  A butterfly (Lair:3)
364 creatures vanquished.

Vanquished Creatures (collateral kills)
  3 wights (D:6)
3 creatures vanquished.

Vanquished Creatures (others)
  15 fungi
  52 plants
67 creatures vanquished.

Grand Total: 434 creatures vanquished

Notes
Turn   | Place    | Note
-------+----------+-------------------------------------------
     0 | D:1      | ryw the Demonspawn Monk began the quest for the Orb.
     0 | D:1      | Reached XP level 1. HP: 18/18 MP: 1/1
   135 | D:1      | Gained mutation: Your demonic aura sometimes causes spilled
                  | blood to erupt in flames. [demonic ancestry]
   135 | D:1      | Reached XP level 2. HP: 14/24 MP: 2/2
   976 | D:1      | Gained mutation: You are partially covered in large bone
                  | plates. (SH +4) [demonic ancestry]
   976 | D:1      | Reached XP level 3. HP: 29/30 MP: 3/3
  2402 | D:3      | Reached skill level 1 in Armour
  2427 | D:3      | Reached XP level 4. HP: 38/38 MP: 4/4
  2453 | D:3      | Noticed a scorpion
  2464 | D:3      | Killed a scorpion
  2465 | D:3      | Reached skill level 1 in Short Blades
  2585 | D:3      | Found a faded altar of an unknown god.
  2601 | D:3      | Reached XP level 5. HP: 38/43 MP: 5/5
  2792 | D:3      | Noticed a phantom
  2837 | D:3      | Killed a phantom
  3152 | D:3      | Gained mutation: You are mostly covered in large bone
                  | plates. (SH +6) [demonic ancestry]
  3152 | D:3      | Reached XP level 6. HP: 50/50 MP: 6/6
  3546 | D:4      | Found a shadowy altar of Dithmenos.
  3553 | D:4      | Noticed Natasha
  3560 | D:4      | Killed Natasha
  4033 | D:4      | Noticed Natasha
  4046 | D:4      | Killed Natasha
  4575 | D:4      | Identified the +5 short sword "Ynozecashu" {antimagic,
                  | Will+}
  4952 | D:5      | Entered Level 5 of the Dungeon
  5094 | D:5      | Reached skill level 1 in Shields
  5126 | D:5      | Noticed an ice beast
  5187 | D:5      | Noticed a water moccasin
  5424 | D:5      | Noticed Blork the orc
  5429 | D:5      | Gained mutation: You sometimes gain a little power by
                  | taking damage. [demonic ancestry]
  5429 | D:5      | Reached XP level 7. HP: 55/55 MP: 7/7
  5449 | D:5      | Killed Blork the orc
  5450 | D:5      | Reached skill level 5 in Fighting
  6008 | D:5      | Reached skill level 5 in Short Blades
  6628 | D:5      | Gained mutation: You expend magic power (3 MP) to
                  | strengthen your wands. [potion of mutation]
  6628 | D:5      | Gained mutation: You are agile. (Dex +2) [potion of
                  | mutation]
  6650 | D:6      | Gained mutation: You have sharp fingernails. [demonic
                  | ancestry]
  6650 | D:6      | Reached XP level 8. HP: 6/63 MP: 8/8
  7022 | D:6      | Reached skill level 3 in Unarmed Combat
  7200 | D:6      | Reached skill level 4 in Unarmed Combat
  7430 | D:6      | Found a staircase to the Ecumenical Temple.
  7501 | D:6      | Found an opulent altar of Gozag.
  7598 | D:6      | Reached skill level 5 in Unarmed Combat
  7859 | D:7      | Reached skill level 6 in Unarmed Combat
  8027 | D:7      | Learned a level 2 spell: Ensorcelled Hibernation
  8078 | D:7      | Reached skill level 1 in Hexes
  8235 | D:7      | Gained mutation: Your demonic aura often causes spilled
                  | blood to erupt in flames. [demonic ancestry]
  8235 | D:7      | Reached XP level 9. HP: 68/68 MP: 8/10
  8268 | D:7      | Reached skill level 7 in Unarmed Combat
  8268 | D:7      | Reached skill level 1 in Spellcasting
  8525 | D:8      | Noticed a two-headed ogre
  8600 | D:8      | Found a blossoming altar of Fedhas.
  8635 | D:8      | Found a hide-covered altar of Uskayaw.
  8851 | D:8      | Found an ancient bone altar of Kikubaaqudgha.
  8998 | D:8      | HP: 2/68 [swamp worm (5)]
  9270 | D:8      | Killed a two-headed ogre
  9676 | D:9      | Reached skill level 8 in Unarmed Combat
 10243 | D:9      | Reached skill level 5 in Hexes
 10409 | D:9      | Noticed a boulder beetle
 10812 | D:9      | Killed a boulder beetle
 10813 | D:9      | Gained mutation: You have very sharp fingernails. [demonic
                  | ancestry]
 10813 | D:9      | Reached XP level 10. HP: 23/74 MP: 13/15
 11259 | Temple   | Entered the Ecumenical Temple
 11415 | Temple   | Became a worshipper of Ashenzari the Shackled
 11482 | D:10     | Entered Level 10 of the Dungeon
 11519 | D:10     | Found a staircase to the Orcish Mines.
 11663 | D:10     | Noticed a centaur warrior
 11684 | D:10     | Killed a centaur warrior
 12183 | D:10     | Noticed a two-headed ogre
 12198 | D:10     | Killed a two-headed ogre
 12199 | D:10     | Reached skill level 9 in Unarmed Combat
 12603 | D:10     | Noticed a two-headed ogre
 12610 | D:10     | Killed a two-headed ogre
 12627 | D:10     | Noticed a manticore
 12634 | D:10     | Killed a manticore
 12635 | D:10     | Reached skill level 5 in Dodging
 12894 | D:10     | Identified the +0 pair of boots of Buoheat {rPois}
 12971 | D:10     | Gained mutation: You are completely covered in large bone
                  | plates. (SH +8) [demonic ancestry]
 12971 | D:10     | Reached XP level 11. HP: 69/84 MP: 18/18
 13304 | D:10     | Noticed a death yak
 13307 | D:10     | Noticed a death yak
 13308 | D:10     | Noticed a death yak
 13320 | D:10     | Killed a death yak
 13331 | D:10     | Killed a death yak
 13334 | D:10     | Killed a death yak
 13335 | D:10     | Reached skill level 10 in Unarmed Combat
 13349 | D:10     | Found a staircase to the Lair.
 13526 | D:10     | Noticed Grum
 13840 | D:10     | Killed Grum
 14142 | D:10     | Identified the +3 hand axe "Ufiki" {pain, Str+4}
 14185 | Lair:1   | Entered Level 1 of the Lair of Beasts
 14335 | Lair:1   | Learned a level 3 spell: Swiftness
 14362 | Lair:1   | Reached * piety under Ashenzari
 14367 | Lair:1   | Noticed a seven-headed hydra
 14373 | Lair:1   | Killed a seven-headed hydra
 14473 | Lair:1   | Reached skill level 1 in Air Magic
 14872 | Lair:1   | Reached ** piety under Ashenzari
 15750 | Lair:2   | Reached XP level 12. HP: 97/97 MP: 22/22
 15894 | Lair:2   | Reached skill level 11 in Unarmed Combat
 16442 | Lair:2   | Noticed Fannar
 16457 | Lair:2   | Killed Fannar
 17329 | Lair:3   | Noticed a five-headed hydra
 17338 | Lair:3   | Killed a five-headed hydra
 18450 | Lair:4   | Reached skill level 12 in Unarmed Combat
 18580 | Lair:4   | Found a hole to the Spider Nest.
 18696 | Lair:4   | Found a hazy altar of Hepliaklqana.
 18958 | Lair:4   | Gained mutation: You sometimes gain power by taking damage.
                  | [demonic ancestry]
 18958 | Lair:4   | Reached XP level 13. HP: 57/106 MP: 23/23
 19427 | Lair:4   | Found a staircase to the Shoals.
 19668 | Lair:4   | Identified a scroll of acquirement
 19689 | Lair:4   | Acquired the +2 kite shield of Xibiecvi {-Tele Harm Rampage
                  | Dex+6}
 19916 | Lair:5   | Reached skill level 1 in Ice Magic
 20022 | Lair:5   | Reached skill level 10 in Dodging
 20552 | Lair:6   | Entered Level 6 of the Lair of Beasts
 20678 | Lair:6   | Reached skill level 5 in Shields
 20718 | Lair:6   | Noticed a dire elephant
 20733 | Lair:6   | Killed a dire elephant
 20927 | Lair:6   | Reached skill level 13 in Unarmed Combat
 21129 | Lair:6   | Found a viscous altar of Jiyva.
 21129 | Lair:6   | Found a staircase to the Slime Pits.
 21679 | Lair:6   | Reached XP level 14. HP: 43/116 MP: 24/24
 21683 | Lair:6   | Reached skill level 10 in Fighting
 22139 | Lair:6   | Found a large runed translucent door.
 22227 | Lair:6   | Found a large runed translucent door.
 23499 | Orc:1    | Entered Level 1 of the Orcish Mines
 23499 | Orc:1    | Found Hieked's Antique Armour Shoppe.
 23502 | Orc:1    | Reached *** piety under Ashenzari
 23556 | Orc:1    | Bought an ichor-stained ring mail for 297 gold pieces
 23556 | Orc:1    | Identified the +1 ring mail of the Rose {Contam rF+ rN+++
                  | Will+ Stlth-} (You bought it in a shop on level 1 of the
                  | Orcish Mines)
 23635 | Orc:2    | Entered Level 2 of the Orcish Mines
 23635 | Orc:2    | Found a staircase to the Elven Halls.
 23706 | Orc:2    | Paralysed by an orc sorcerer for 7 turns
 23711 | Orc:2    | Killed from afar by an orc sorcerer

Illustrated notes

Levels and vault maps discovered:
D:1:      sevenhm_arrival_forest_fort_large_4, layout_rooms, serial_forest,
          infiniplex_forest_straight_4, infiniplex_forest_clump_diagonal,
          infiniplex_forest_clump_curved, infiniplex_forest_pool,
          infiniplex_forest_lined_room_3, infiniplex_forest_lined_2
D:2:      layout_basic
D:3:      layout_basic, chequers_ecumenical_altar_simple_redux,
          grunt_decor_one_mirror, kennysheep_generic_room_3
D:4:      layout_basic, grunt_dithmenos_smoke, nicolae_overflow_crystal_walls,
          grunt_ministairs_11, uniq_natasha
D:5:      layout_basic, moated_statue, minivault_5, serial_bayou_pond_b,
          uniq_blork_the_orc
D:6:      layout_rooms, grunt_gozag_breadcrumbs, minmay_temple_entry_waves
D:7:      layout_basic
D:8:      layout_gridville, mainiacjoe_overflow_small_starburst,
          overflow_temple_1_default, mainiacjoe_overflow_alcove_1,
          kennysheep_little_box, worms_lemuel
D:9:      layout_roguey, nicolae_elevator_lobby_asterisk
D:10:     minmay_wavy_crystal, layout_basic, elyvilon_altar_1,
          dpeg_lair_monsters, minmay_orc_entry_guard_dogs, enter_bailey_6,
          uniq_grum
Temple:   nicolae_temple_great_sept
Lair:1:   layout_roguey, serial_bayou_lagoon_a
Lair:2:   layout_cave_shapes, infiniplex_staircase_pool_2, serial_bayou_shore_b,
          grunt_megastairs_5, uniq_fannar
Lair:3:   layout_regular_city, lemuel_fruit_fields
Lair:4:   layout_hall_layers, minmay_shoals_entry_hut, spider_nest_entry_a,
          basic_altar, serial_bayou_shore_b, grunt_megastairs_4
Lair:5:   layout_long_grid, beast_lair_carwin_3
Lair:6:   cheibrodos_lair_end_hotspot, layout_gridlike, slime_altar_1,
          minmay_stone_trees_small, st_stairs_10, nzn_sisyphean_effort
Orc:1:    layout_caves, portal_ice_cave_entry_animals_and_master, serial_shops,
          nicolae_shop_hallway_stairs, nicolae_shop_trees, uniq_josephine
Orc:2:    st_orc_open, layout_diamond_mine

Skill      XL: |  1  2  3  4  5  6  7  8  9 10 11 12 13 14 |
---------------+-------------------------------------------+-----
Fighting       | 4 5 6 7 9 10 | 10.1
Armour         | 1 2 3 |  3.9
Short Blades   | 1 3 4 5 |  5.0
Shields        | 1 2 4 6 |  6.7
Dodging        | 3 5 7 9 11 | 11.2
Unarmed Combat | 6 8 9 10 12 13 | 13.5
Hexes          | 1 5 6 |  6.0
Spellcasting   | 3 4 |  4.8
Air Magic      | 1 3 |  3.8
Ice Magic      | 2 |  2.9
Stealth        | |  1.7

Action                   |  1- 3 |  4- 6 |  7- 9 | 10-12 | 13-15 || total
-------------------------+-------+-------+-------+-------+-------++-------
Melee: Unarmed           |   105 |       |   184 |   433 |   322 ||  1044
       Dagger            |    62 |   172 |    84 |       |       ||   318
       Punch             |       |     1 |     1 |    41 |     3 ||    46
Throw: Dart              |       |       |     7 |       |     1 ||     8
 Cast: Ensorcelled Hiber |       |       |    11 |     2 |       ||    13
       Swiftness         |       |       |       |     6 |       ||     6
Invok: Curse Item        |       |       |       |     4 |     1 ||     5
Evoke: Wand              |       |       |       |     5 |     4 ||     9
  Use: Scroll            |     4 |     2 |    14 |     1 |     1 ||    22
       Potion            |       |     4 |     5 |     1 |     1 ||    11
 Stab: Sleeping          |     7 |     5 |     9 |     6 |     6 ||    33
       Invisible         |       |     2 |       |       |       ||     2
       Distracted        |       |       |     2 |       |     2 ||     4
Armor: Robe              |    12 |       |       |       |       ||    12
       Leather armour    |    17 |    28 |    44 |    68 |    35 ||   192
Dodge: Dodged            |   112 |    67 |   141 |   314 |   135 ||   769
Block: Other             |     5 |    28 |    52 |   110 |     5 ||   200
       Orb               |       |       |    12 |       |       ||    12
       Kite shield       |       |       |       |       |   306 ||   306

Table legend: (Time is in decaauts)
 A = Elapsed time spent in this place.
 B = Non-inter-level travel time spent in this place.
 C = Inter-level travel time spent in this place.
 D = Time resting spent in this place.
 E = Time spent auto-exploring this place.
 F = Levels seen in this place.
 G = Mean time per level.
                   A        B        C        D        E       F      G
               +--------+--------+--------+--------+--------+-----+--------+
         Total |  23573 |  22526 |   1047 |   3588 |  15640 |  19 | 1240.7 |
       Dungeon |  13974 |  13366 |    608 |   1785 |   9756 |  10 | 1397.4 |
        Temple |    166 |    157 |      9 |      0 |     64 |   1 |  166.0 |
          Lair |   9222 |   8807 |    415 |   1803 |   5665 |   6 | 1537.0 |
  Orcish Mines |    208 |    194 |     14 |      0 |    155 |   2 |  104.0 |
               +--------+--------+--------+--------+--------+-----+--------+

Top non-repeatable levels by time:
  Lair:6: 2785 daAuts
    D:10: 2459 daAuts
     D:9: 1925 daAuts
     D:4: 1757 daAuts
  Lair:3: 1643 daAuts
  Lair:1: 1567 daAuts
     D:1: 1501 daAuts
     D:5: 1470 daAuts
  Lair:2: 1348 daAuts
     D:6: 1200 daAuts
     D:8: 1021 daAuts
     D:3: 1005 daAuts
  Lair:4: 981 daAuts
  Lair:5: 896 daAuts
     D:2: 854 daAuts
